 Dungeon Crawl Stone Soup version 0.31-a0-175-g9f7f995f2b (webtiles) character file.

Game seed: 10165836213139377475

91 qw the Shooter (level 4, -3/40 HPs)
             Began as a Naga Hunter on June 17, 2023.
             Succumbed to Sigmund's poison
             ... on level 3 of the Dungeon.
             The game lasted 00:00:30 (2262 turns).

qw the Shooter (Naga Hunter)                        Turns: 2262, Time: 00:00:30

Health: -3/40      AC:  2    Str: 13      XL:     4   Next: 57%
Magic:  4/4        EV:  9    Int:  8 (10) God:
Gold:   80         SH:  0    Dex: 14 (16) Spells: 3/3 levels left

rFire   . . .        Y - +0 shortbow
rCold   . . .        (shield currently unavailable)
rNeg    . . .        c - +0 leather armour
rPois   +            (no helmet)
rElec   .            (no cloak)
rCorr   .            (no gloves)
SInv    +            (no barding)
Will    .....        (no amulet)
Stlth   ++           (no ring)
HPRegen 0.26/turn    (no ring)
MPRegen 0.09/turn

%: no passive effects
@: lethally poisoned (-3 -> -19), short of breath, very slow
A: AC +1, large, see invisible, deformed body, poison resistance, slowness 2,
spit poison 1, naga tail 1
a: Spit Poison


You were on level 3 of the Dungeon.
You visited 1 branch of the dungeon, and saw 3 of its levels.

You collected 80 gold pieces.


Innate Abilities, Weirdness & Mutations

Your serpentine skin is tough. (AC +1)
You have supernaturally acute eyesight. (SInv)
Armour fits poorly on your strangely shaped body.
Your system is resistant to poisons. (rPois)
You cover ground very slowly.
You can spit poison.
You have a snake-like lower body.


   Skills:
 + Level 2.7 Fighting
 - Level 5.0 Ranged Weapons
 - Level 1.5 Dodging
 - Level 1.5 Stealth


You had 3 spell levels left.
You didn't know any spells.
Your spell library was empty.

Inventory:

Hand Weapons
 Y - a +0 shortbow (weapon)
Armour
 c - a +0 leather armour (worn)
Scrolls
 a - a scroll of teleportation {unknown}
Potions
 b - a potion of haste {unknown}
 e - a potion of curing {unknown}
 g - a potion of resistance {unknown}

Dungeon Overview and Level Annotations

Branches:
Dungeon (3/15)

Altars:

Annotations:
D:2 1 runed translucent door, Crazy Yiuf
D:3 Sigmund


Message History

You kill the orc!
Sigmund closely misses you.
You shoot an arrow. The arrow closely misses Sigmund.
Sigmund hits you from afar with a +0 scythe of venom!
An orc comes into view. It is wielding a +0 short sword.
You shoot an arrow. The arrow closely misses Sigmund.
The orc shouts!
You shoot an arrow. The arrow closely misses Sigmund.
The arrow barely misses the orc.
Sigmund hits you from afar with a +0 scythe of venom.
You shoot an arrow. The arrow hits Sigmund.
Sigmund is moderately wounded.
Sigmund hits you from afar with a +0 scythe of venom!
You are poisoned.
You shoot an arrow. The arrow hits Sigmund.
Sigmund is moderately wounded.
You have got your breath back.
You feel very sick.
Sigmund hits you from afar with a +0 scythe of venom.
You are more poisoned.
2259 ||| INVOKING Spit Poison.
Aiming: Spit Poison (1% risk of failure)
Press: ? - help, Shift-Dir - straight line, f/p - Sigmund The splash of poison hits Sigmund.
Sigmund is poisoned.
Sigmund is heavily wounded.
You feel very sick.
An orc comes into view. It is wielding a +0 flail.
You shoot an arrow. The arrow barely misses Sigmund.
The arrow hits the orc.
The orc is heavily wounded.
You feel very sick. Sigmund hits you but does no damage.
You are lethally poisoned!
You shoot an arrow. The arrow closely misses Sigmund.
The arrow barely misses the orc.
You feel very sick. Sigmund gestures at you while chanting.
The magic dart hits you!
You shoot an arrow. The arrow barely misses Sigmund.
The arrow hits the orc.
The orc is severely wounded.
You die...

#.# #.....# ..#
#.#.#.# .###
#.#.#.# #.
#.#.#.# #
#.....# ##...##
##.#.#.#
####o##.##.##.#
#...o@.@.#.. .#
..##.##..#### #
# ...).
.##..#.# #. .#.
# # .... ###.#
.#


You could see Sigmund (poisoned) and 2 orcs.

Vanquished Creatures
  Jessica (D:3)
  3 adders (D:2)
  A dart slug (D:1)
  An orc (D:3)
  A bat (D:2)
  4 endoplasms (D:1)
  A giant cockroach (D:2)
  2 goblins (D:1)
  5 hobgoblins
  2 jackals (D:2)
  3 kobolds
  2 quokkas
  2 ball pythons
  A frilled lizard (D:1)
  4 rats (D:1)
33 creatures vanquished.

Notes
Turn   | Place    | Note
-------+----------+-------------------------------------------
     0 | D:1      | qw the Naga Hunter began the quest for the Orb.
     0 | D:1      | Reached XP level 1. HP: 19/19 MP: 1/1
     0 | D:1      | 0 ||| qw: Version: 0.3-a-2-g5ab2908
     0 | D:1      | 0 ||| qw: Game counter: 110
     0 | D:1      | 0 ||| qw: Always use a shield: true
     0 | D:1      | 0 ||| qw: God list: Okawaru
     0 | D:1      | 0 ||| qw: Allow faded altars: false
     0 | D:1      | 0 ||| qw: Do Orc after D:15 true
     0 | D:1      | 0 ||| qw: Do second Lair branch before Depths: true
     0 | D:1      | 0 ||| qw: Lair rune preference: random
     0 | D:1      | 0 ||| qw: Plans: Normal
     0 | D:1      | 0 ||| PLANNING D:1-11
    69 | D:1      | 69 ||| INVOKING Spit Poison.
   110 | D:1      | 110 ||| INVOKING Spit Poison.
   166 | D:1      | 166 ||| INVOKING Spit Poison.
   167 | D:1      | Reached skill level 4 in Ranged Weapons
   167 | D:1      | Reached XP level 2. HP: 26/26 MP: 2/2
   278 | D:1      | 278 ||| INVOKING Spit Poison.
   281 | D:1      | 281 ||| INVOKING Spit Poison.
   287 | D:1      | 287 ||| INVOKING Spit Poison.
   363 | D:1      | 363 ||| INVOKING Spit Poison.
   376 | D:1      | 376 ||| INVOKING Spit Poison.
   425 | D:1      | 425 ||| INVOKING Spit Poison.
   611 | D:1      | 611 ||| INVOKING Spit Poison.
   805 | D:1      | 805 ||| INVOKING Spit Poison.
   832 | D:1      | 832 ||| INVOKING Spit Poison.
   970 | D:1      | 970 ||| INVOKING Spit Poison.
  1010 | D:1      | Reached XP level 3. HP: 32/32 MP: 3/3
  1037 | D:1      | 1037 ||| READING scroll labelled HATICLU OBBARR.
  1038 | D:1      | 1038 ||| READING scroll labelled DOLIOFYTYO.
  1039 | D:1      | 1039 ||| DROPPING scroll of butterflies.
  1085 | D:2      | 1085 ||| INVOKING Spit Poison.
  1088 | D:2      | 1088 ||| INVOKING Spit Poison.
  1139 | D:2      | 1139 ||| INVOKING Spit Poison.
  1283 | D:2      | 1283 ||| INVOKING Spit Poison.
  1337 | D:2      | 1337 ||| INVOKING Spit Poison.
  1357 | D:2      | 1357 ||| INVOKING Spit Poison.
  1440 | D:2      | 1440 ||| INVOKING Spit Poison.
  1642 | D:2      | 1642 ||| INVOKING Spit Poison.
  1655 | D:2      | 1655 ||| INVOKING Spit Poison.
  1680 | D:2      | Found a runed translucent door.
  1681 | D:2      | Noticed Crazy Yiuf
  1837 | D:2      | 1837 ||| INVOKING Spit Poison.
  1840 | D:2      | Reached skill level 5 in Ranged Weapons
  1840 | D:2      | Reached XP level 4. HP: 39/39 MP: 4/4
  1921 | D:2      | 1921 ||| DRINKING 3 blue potions.
  1975 | D:2      | 1975 ||| DRINKING 2 gluggy clear potions.
  1976 | D:2      | 1976 ||| DROPPING 2 potions of lignification.
  1977 | D:2      | 1977 ||| DROPPING potion of degeneration.
  2036 | D:3      | 2036 ||| INVOKING Spit Poison.
  2247 | D:3      | Noticed Jessica
  2248 | D:3      | 2248 ||| INVOKING Spit Poison.
  2250 | D:3      | Killed Jessica
  2250 | D:3      | Noticed Sigmund
  2253 | D:3      | 2253 ||| INVOKING Spit Poison.
  2259 | D:3      | 2259 ||| INVOKING Spit Poison.
  2261 | D:3      | HP: 8/40 [poisoned by Sigmund]
  2261 | D:3      | HP: 1/40 [Sigmund/magic dart (7)]
  2262 | D:3      | Succumbed to Sigmund's poison

Levels and vault maps discovered:
D:1:      dpeg_arrival_more_subterranean_lakeside_camping, layout_basic,
          roderic_serpentine_path
D:2:      layout_basic, dk_noncrumbling_3, uniq_crazy_yiuf_cottage
D:3:      layout_loops_cross, uniq_sigmund, uniq_jessica

Skill      XL: |  1  2  3 |
---------------+----------+-----
Ranged Weapons | 4 5 |  5.0
Fighting       | |  2.7
Dodging        | |  1.5
Stealth        | |  1.5

Action                     |  1- 3 |  4- 6 || total
---------------------------+-------+-------++-------
   Fire: Shortbow          |    47 |    16 ||    63
Ability: Spit Poison       |    23 |     4 ||    27
    Use: Scroll            |     2 |       ||     2
         Potion            |       |     2 ||     2
 Armour: Leather armour    |     6 |     1 ||     7
  Dodge: Dodged            |    14 |     2 ||    16

Table legend:
 A = Non-vault XP
 B = Vault XP
 C = Vault XP percentage of total XP
 D = Non-vault monster count
 E = Vault monster count
 F = Vault count percentage of total count
                 A         B        C        D         E       F
            +---------+---------+-------+---------+---------+-------
      Total |      93 |      37 |  28.5 |      32 |       1 |   3.0
            +---------+---------+-------+---------+---------+-------
        D:1 |      34 |       0 |   0.0 |      19 |       0 |   0.0
        D:2 |      54 |       0 |   0.0 |      11 |       0 |   0.0
        D:3 |       5 |      37 |  88.1 |       2 |       1 |  33.3
            +---------+---------+-------+---------+---------+-------
